[Event "*** SCC Grand Prix: Titled Tuesday Blitz"]
[Site "Chess.com"]
[Date "2020.08.25"]
[Round "3"]
[White "bratkoo"]
[Black "varacalli"]
[Result "0-1"]
[WhiteElo "2542"]
[BlackElo "2381"]
[TimeControl "180+1"]
[EndTime "10:29:58 PDT"]
[Termination "varacalli won by resignation"]

1. e4 e5 2. Nf3 Nc6 3. Bc4 Bc5 4.
O-O Nf6 5. d3 d6 6. Re1 Bb6 7.
a4 a5 8. Nbd2 Ne7 9. Nf1 Ng6 10.
c3 O-O 11. Be3 c6 12. Qd2 Bc7 13. Ng3 d5 14. exd5 cxd5 15. Ba2 h6 16. h3 Be6 17.
d4 e4 18. Nh2 Qd7 19. Qe2 Rfe8 20. Nh5 Nxh5 21. Qxh5 Nf4 22. Bxf4 Bxf4 23. Nf1 Bc7 24.
Ne3 Qd6 25. Bxd5 Bxd5 26. Qxd5 Qh2+ 27. Kf1 Bf4 28. Qh5 Re6 29. Ke2 Bxe3 30. Kxe3 Qxg2 31. Rg1 Qh2 32. Qg4 Rg6 33. Rh1 Qd6 34. Qf4 Qc6 35. Rag1 Rf6 36. Qg4 Rf3+ 37. Ke2 g6 38. Qh4 Re8 39. Kd2 e3+ 40. fxe3 Rfxe3 41. Rh2 Qf3 42.
Qxh6 Re2+ 43. Rxe2 Rxe2+ 44. Kc1 Qf5 45. Qd2 Rxd2 46.
Kxd2 Qf2+ 0-1

[Event "*** SCC Grand Prix: Titled Tuesday Blitz"]
[Site "Chess.com"]
[Date "2020.08.25"]
[Round "3"]
[White "Nara_Kh"]
[Black "WinstonSilvakov"]
[Result "1-0"]
[WhiteElo "2325"]
[BlackElo "2104"]
[TimeControl "180+1"]
[EndTime "10:30:00 PDT"]
[Termination "Nara_Kh won by resignation"]

1. e4 Nf6 2. e5 Nd5 3. d4 d6 4. Nf3 Nb6 5. c4 g6 6. Nc3 Bg7 7.
exd6 cxd6 8. h3 O-O 9. Be3 Nc6 10. Qd2 e5 11. d5 Ne7 12. Bh6 f5 13. Bxg7 Kxg7 14.
h4 h6 15. O-O-O Ng8 16. c5 dxc5 17. Nxe5 Qf6 18. f4 Rd8 19. g3 Ne7 20. Bg2 Bd7 21.
Rhe1 Nbc8 22. d6 Nc6 23. Nc4 Nd4 24. Nd5 Qf7 25. Qc3 Re8 26. Rxd4 cxd4 27. Qxd4+ Kg8 28. Nf6+ Kf8 29. Nxd7+ Kg8 30. Rxe8+ Qxe8 31. Nf6+ Kf7 32. Nxe8 Kxe8 33. Qe5+ 1-0

[Event "*** SCC Grand Prix: Titled Tuesday Blitz"]
[Site "Chess.com"]
[Date "2020.08.25"]
[Round "3"]
[White "Fischerev7"]
[Black "Onegust"]
[Result "0-1"]
[WhiteElo "2359"]
[BlackElo "2558"]
[TimeControl "180+1"]
[EndTime "10:30:01 PDT"]
[Termination "Onegust won on time"]

1. e4 c5 2. Nf3 d6 3. d4 cxd4 4. Nxd4 Nf6 5. Nc3 a6 6. Be3 e5 7. Nb3 Be7 8. f3 Be6 9. Qd2 h5 10. O-O-O Nbd7 11. Kb1 Rc8 12. Be2 b5 13. Nd5 Bxd5 14.
exd5 Nb6 15. Bxb6 Qxb6 16. f4 Ne4 17. Qb4 Nf2 18. fxe5 Nxh1 19. Rxh1 dxe5 20. Qe4 Qg6 21. Qxe5 Qxc2+ 22. Ka1 O-O 23. Qxh5 Bf6 24. Rb1 Rc3 25. Bd1 Qxg2 26. d6 a5 27. Qxb5 a4 28. Nc5 a3 29. Nd7 Bd4 0-1

[Event "*** SCC Grand Prix: Titled Tuesday Blitz"]
[Site "Chess.com"]
[Date "2020.08.25"]
[Round "3"]
[White "GianmarcoVaR"]
[Black "salomez"]
[Result "1-0"]
[WhiteElo "2480"]
[BlackElo "2214"]
[TimeControl "180+1"]
[EndTime "10:30:01 PDT"]
[Termination "GianmarcoVaR won on time"]

1. d4 Nf6 2. Nf3 g6 3. g3 Bg7 4. Bg2 d5 5. O-O O-O 6. c4 dxc4 7. Na3 Nc6 8. Nxc4 Be6 9. b3 Bd5 10. e3 a5 11. a4 Qc8 12. Ba3 Rd8 13. Qe2 h6 14.
Rac1 Qe6 15. Rfd1 g5 16. Qf1 g4 17. Nfd2 Bxg2 18. Qxg2 Nd5 19. Ne4 Ncb4 20. Nc5 Qc8 21. Bxb4 axb4 22. Nd3 b6 23. Nxb4 Nxb4 24. Nxb6 cxb6 25.
Rxc8 Raxc8 26. h3 gxh3 27. Qxh3 e5 28. d5 Nxd5 29. Qh4 Nf6 30. Rxd8+ Rxd8 31. Qb4 Nd5 32. Qd2 e4 33. Kh2 Bc3 34. Qd1 Bf6 35. Qg4+ 1-0

[Event "*** SCC Grand Prix: Titled Tuesday Blitz"]
[Site "Chess.com"]
[Date "2020.08.25"]
[Round "3"]
[White "Infernal_XaM"]
[Black "MartinCerveny"]
[Result "1-0"]
[WhiteElo "2907"]
[BlackElo "2616"]
[TimeControl "180+1"]
[EndTime "10:30:02 PDT"]
[Termination "Infernal_XaM won by resignation"]

1. c4 Nf6 2. Nc3 d6 3. d4 e5 4. Nf3 Nc6 5. d5 Ne7 6. e4 g6 7. h3 Bg7 8. g4 c5 9. Bd3 a6 10. Nd2 h5 11. Rg1 hxg4 12. hxg4 Rh4 13. Be2 Rh8 14. Nf1 b5 15. cxb5 axb5 16. Bxb5+ Kf8 17. Be2 Ba6 18. Ne3 Bh6 19. g5 Bxg5 20. Rxg5 Rh1+ 21. Nf1 Qa5 22. Bd2 Qb4 23. Qc2 Bxe2 24. Kxe2 Rb8 25. b3 c4 26. Rb1 Qc5 27. Be3 Qc8 28. b4 Qh3 29. Ng3 Rh2 30. Nf1 Rh1 31. Nd2 Rxb1 32.
Qxb1 Ng4 33. Qf1 Qh4 34. Nf3 Nxe3 35. Nxh4 Nxf1 36. Kxf1 Rxb4 37. Nf3 Rb2 38. Ne1 Nc8 39. Rg2 Nb6 40. f3 Rb4 41. Ke2 Nd7 42. Kd1 Nc5 43.
Kc1 Kg7 44. Rb2 Rxb2 45. Kxb2 f5 46. a4 Kf6 47. a5 Kg5 48. Nb5 fxe4 49. fxe4 Nxe4 50.
a6 c3+ 51. Nxc3 1-0

[Event "*** SCC Grand Prix: Titled Tuesday Blitz"]
[Site "Chess.com"]
[Date "2020.08.25"]
[Round "3"]
[White "Nf3c5"]
[Black "markberk"]
[Result "1-0"]
[WhiteElo "2554"]
[BlackElo "2357"]
[TimeControl "180+1"]
[EndTime "10:30:02 PDT"]
[Termination "Nf3c5 won on time"]

1. d4 Nf6 2. c4 e6 3. Nf3 d5 4. g3 Be7 5. Bg2 O-O 6. O-O dxc4 7. Qc2 a6 8. a4 Bd7 9. Rd1 c5 10. dxc5 Bxc5 11. Ne5 Qb6 12. e3 Bc6 13. Nxc4 Qc7 14. e4 Nbd7 15. Bf4 e5 16. Be3 Rad8 17. Nc3 Qb8 18. a5 Qa7 19. h3 Bd4 20. b4 Rc8 21.
Qb3 Bb5 22. Bxd4 exd4 23. Nxb5 axb5 24. Nd6 Rc3 25. Qb2 Qa6 26. Nf5 Ne5 27. Rxd4 Rc4 28. Rad1 Qe6 29. Rd6 Qe8 30. Rd8 Qxd8 31. Rxd8 Rxd8 32.
Qxe5 1-0

[Event "*** SCC Grand Prix: Titled Tuesday Blitz"]
[Site "Chess.com"]
[Date "2020.08.25"]
[Round "3"]
[White "DariaVoit"]
[Black "serena-maria"]
[Result "0-1"]
[WhiteElo "2493"]
[BlackElo "2299"]
[TimeControl "180+1"]
[EndTime "10:30:03 PDT"]
[Termination "serena-maria won by resignation"]

1. d4 Nf6 2. Nf3 g6 3. c4 Bg7 4. g3 O-O 5. Bg2 d5 6. O-O dxc4 7. Ne5 Nc6 8. Nxc6 bxc6 9. Bxc6 Bh3 10. Re1 Nd5 11.
e3 Nb4 12. Bf3 Nd3 13. Re2 e5 14. d5 Qe7 15. Nd2 Qb4 16. Qc2 e4 17. Bxe4 Nxb2 18.
Bxb2 Bxb2 19. Rb1 c3 20. Nb3 a5 21. Nd4 Rfe8 22. Qd3 Rxe4 23. Qxe4 Bf5 24. Qf3 Bxb1 25. d6 Rf8 26. dxc7 Bd3 27. Nc6 Bxe2 28. Qxe2 Qc5 29. Qa6 c2 30. c8=Q c1=Q+ 31. Kg2 Rxc8 32. Qxc8+ Kg7 0-1

[Event "*** SCC Grand Prix: Titled Tuesday Blitz"]
[Site "Chess.com"]
[Date "2020.08.25"]
[Round "3"]
[White "bocah_sakit"]
[Black "exoticprincess"]
[Result "1-0"]
[WhiteElo "2621"]
[BlackElo "2872"]
[TimeControl "180+1"]
[EndTime "10:30:04 PDT"]
[Termination "bocah_sakit won by resignation"]

1. e4 c6 2. d4 d5 3. Nd2 dxe4 4. Nxe4 Nf6 5. Nxf6+ exf6 6. c3 Bd6 7. Bd3 O-O 8.
Qc2 Re8+ 9. Ne2 h6 10. O-O Nd7 11. Bf4 Rxe2 12. Qxe2 Bxf4 13. Qe4 Bxh2+ 14. Kxh2 Nf8 15.
Rfe1 Be6 16. c4 Qb6 17. b3 Rd8 18. Rad1 f5 19. Qe5 Rxd4 20. c5 Qd8 21. Bc2 Rh4+ 22. Kg1 Qg5 23. Re3 Ng6 24. Qb8+ Kh7 25. Rd8 Qh5 26.
Rh3 Rxh3 27. gxh3 Qxh3 28. Qg3 Qh5 29. Bd1 Qg5 30. Qxg5 hxg5 31. Rb8 Ne5 32. Rxb7 Nd3 33. Rxa7 Nxc5 34. Bc2 Kg6 35. b4 Ne4 36. a4 Nc3 37.
a5 Kf6 38. a6 Ke5 39. Rb7 Bc8 40. Bd3 Nd5 41. Rb8 Bxa6 42. Bxa6 g6 43. Bc4 Nc3 44.
Bxf7 Kf6 45. Bc4 Ke5 46. Rg8 Kd4 47. Bf7 g4 48. Rxg6 Ne2+ 49. Kf1 1-0

[Event "*** SCC Grand Prix: Titled Tuesday Blitz"]
[Site "Chess.com"]
[Date "2020.08.25"]
[Round "3"]
[White "Chessbard1972"]
[Black "murtas73"]
[Result "0-1"]
[WhiteElo "2402"]
[BlackElo "2666"]
[TimeControl "180+1"]
[EndTime "10:30:04 PDT"]
[Termination "murtas73 won by resignation"]

1. d4 d5 2. c4 c6 3. Nf3 Nf6 4. Nc3 a6 5. c5 Bf5 6. Bf4 Nbd7 7. h3 e6 8. e3 Be7 9. Nh4 Be4 10.
Nxe4 dxe4 11. g4 Nd5 12. Ng2 e5 13. Bg3 O-O 14. Bc4 exd4 15. exd4 Bf6 16. O-O Re8 17.
Ne3 Nf8 18. Qb3 Bxd4 19. Nxd5 cxd5 20. Bxd5 Ne6 21. Rad1 Qf6 22. Qc4 Rad8 23. Bxe4 Nxc5 24. Bg2 b5 25. Qc2 Ne6 26. b3 Nf4 27. Rfe1 Rxe1+ 28. Rxe1 h5 29. Qe4 Nd3 30. Re2 h4 31. Bc7 Nxf2 32.
Qf5 Nxg4+ 0-1

[Event "*** SCC Grand Prix: Titled Tuesday Blitz"]
[Site "Chess.com"]
[Date "2020.08.25"]
[Round "3"]
[White "Mbneu"]
[Black "profofchess"]
[Result "1-0"]
[WhiteElo "2222"]
[BlackElo "2424"]
[TimeControl "180+1"]
[EndTime "10:30:04 PDT"]
[Termination "Mbneu won by resignation"]

1. d4 Nf6 2. c4 e6 3. Nc3 Bb4 4. Bg5 c5 5. d5 d6 6. e3 Bxc3+ 7. bxc3 e5 8. Bd3 Nbd7 9. Qc2 h6 10. Bh4 Qe7 11. f3 Kd8 12. Ne2 Kc7 13. O-O g5 14. Bf2 h5 15. Ng3 Nf8 16. Nf5 Bxf5 17. Bxf5 Rg8 18. Rfe1 Ng6 19. a4 g4 20. f4 e4 21.
Bxg6 Rxg6 22. Bh4 Rag8 23. a5 Qe8 24. g3 Nd7 25. Reb1 Kb8 26. Qa4 Qc8 27. Ra2 f5 28. Rab2 R8g7 29. Qc6 Nf8 30. Bd8 Rd7 31. a6 b6 32. Bxb6 axb6 33. Rxb6+ Ka7 34. Qxc8 1-0

[Event "*** SCC Grand Prix: Titled Tuesday Blitz"]
[Site "Chess.com"]
[Date "2020.08.25"]
[Round "3"]
[White "Blagorod"]
[Black "Chessdemon2019"]
[Result "0-1"]
[WhiteElo "2137"]
[BlackElo "2356"]
[TimeControl "180+1"]
[EndTime "10:30:04 PDT"]
[Termination "Chessdemon2019 won by resignation"]

1. e4 c5 2. Nc3 Nc6 3. g3 g6 4. Bg2 Bg7 5. d3 d6 6. f4 e5 7. Nh3 Nge7 8. O-O O-O 9. f5 gxf5 10. exf5 Bxf5 11. Rxf5 Nxf5 12. Qh5 Ncd4 13. Be4 Qf6 14. Nd5 Qg6 15. Qd1 Rfe8 16. c3 Ne6 17. Qf3 Nh4 18. Qf2 f5 19. Bh1 Qg4 20. Ng5 Nxg5 21. Bxg5 Qxg5 22. Nc7 Rac8 23. Nxe8 Rxe8 24. Bxb7 f4 25.
Bd5+ Kh8 26. Kh1 fxg3 27. hxg3 Rf8 28. gxh4 Qg4 29. Rg1 Qh3+ 30. Qh2 Qxd3 31. c4 e4 32. Qg2 Qf3 33. Bxe4 Qxg2+ 34. Rxg2 Rf4 35. Bd5 Rxh4+ 36. Kg1 Rf4 37. Kh2 h5 38. Kh3 Kh7 39. Kg3 Be5 40. Kh3 Kh6 41. a4 Rd4 42. a5 Rd3+ 43. Kh4 Bf6+ 0-1

[Event "*** SCC Grand Prix: Titled Tuesday Blitz"]
[Site "Chess.com"]
[Date "2020.08.25"]
[Round "3"]
[White "WonderChampion"]
[Black "narutosmith"]
[Result "0-1"]
[WhiteElo "1974"]
[BlackElo "2276"]
[TimeControl "180+1"]
[EndTime "10:30:04 PDT"]
[Termination "narutosmith won by resignation"]

1. d4 Nf6 2. Bg5 e6 3. e4 h6 4. Bh4 g5 5. Bg3 Nxe4 6. Bd3 Nxg3 7. fxg3 Bg7 8. Nf3 Nc6 9. c3 O-O 10. Bc2 f5 11. O-O b6 12. Na3 Bb7 13. Nc4 Ne7 14. Re1 Ng6 15. Qd2 g4 16. Nfe5 Ne7 17. Re2 d6 18.
Nd3 Qd7 19. Rae1 Rae8 20. Rxe6 Bd5 21. R6e3 Bxc4 22. b3 Bf7 23. Nf4 Nd5 24. Nxd5 Bxd5 25. Qf2 Be4 26. Bxe4 fxe4 27. Qe2 d5 28. a3 h5 29. b4 Bh6 30. Rd1 Qf5 31. Re1 Bxe3+ 32. Qxe3 Kg7 33. Qe2 Kg6 34. a4 e3 35. Rd1 Qf2+ 36.
Qxf2 Rxf2 37. b5 Rd2 38. Re1 e2 39. Kf2 Rc2 40. a5 bxa5 0-1

[Event "*** SCC Grand Prix: Titled Tuesday Blitz"]
[Site "Chess.com"]
[Date "2020.08.25"]
[Round "3"]
[White "Arseniy_Nesterov"]
[Black "ural58"]
[Result "1-0"]
[WhiteElo "2755"]
[BlackElo "2498"]
[TimeControl "180+1"]
[EndTime "10:30:05 PDT"]
[Termination "Arseniy_Nesterov won by resignation"]

1. d4 d5 2. c4 e5 3. dxe5 d4 4. a3 Nc6 5. f4 f6 6. exf6 Nxf6 7.
Nf3 Bf5 8. e3 d3 9. Nc3 Ne4 10.
Qxd3 Nxc3 11. Qxf5 Qd1+ 12. Kf2 Na4 13. Qd3 Rd8 14.
Qxd1 Rxd1 15. Ke2 Rd7 16. g3 Bc5 17. Bh3 Re7 18. b4 Nd4+ 19. Nxd4 Bxd4 20. Rb1 Nc3+ 21. Kd3 Nxb1 22. exd4 O-O 23. d5 Rd8 24. Bb2 Nxa3 25. Bxa3 c6 26. Bg2 b5 27. Rd1 bxc4+ 28. Kxc4 cxd5+ 29. Bxd5+ Kh8 30. b5 Rc7+ 31. Bc5 h5 32. Rd4 g6 33.
Bc6 Rdc8 34. Rd6 Kh7 35. Kd5 h4 36. gxh4 Kh6 37. f5 Kh5 38. fxg6 Kxh4 39. Bd4 Kh3 40. Bd7+ Rxd7 41. Rxd7 1-0

[Event "*** SCC Grand Prix: Titled Tuesday Blitz"]
[Site "Chess.com"]
[Date "2020.08.25"]
[Round "3"]
[White "Eliwood44"]
[Black "BlackBoarder"]
[Result "1-0"]
[WhiteElo "2380"]
[BlackElo "2543"]
[TimeControl "180+1"]
[EndTime "10:30:05 PDT"]
[Termination "Eliwood44 won on time"]

1. d4 e6 2. Nf3 Nf6 3. e3 c5 4. Bd3 Nc6 5. O-O Be7 6. c4 cxd4 7. exd4 O-O 8. d5 exd5 9. cxd5 Nxd5 10. Bxh7+ Kxh7 11.
Qxd5 d6 12. Qh5+ Kg8 13. Nc3 Be6 14. Bg5 Qa5 15. Qh4 f6 16. Be3 Rae8 17. Rfe1 Bf7 18. Rad1 Ne5 19. Nd4 Nc4 20. Bc1 Bd8 21. Qg3 Qh5 22. b3 Ne5 23. Ndb5 d5 24. Nd6 Re6 25. Nxf7 Rxf7 26. Nxd5 Ba5 27. b4 Bb6 28. Nxb6 Rxb6 29. Rd8+ Kh7 30. Rd4 g5 31. f4 gxf4 32. Bxf4 Ng6 33.
Bc7 Rc6 34. Bd8 f5 35. h3 f4 36. Qd3 f3 37. Rf1 Re6 38. Rh4 1-0

[Event "*** SCC Grand Prix: Titled Tuesday Blitz"]
[Site "Chess.com"]
[Date "2020.08.25"]
[Round "3"]
[White "maurito96"]
[Black "ChelsieMonica"]
[Result "0-1"]
[WhiteElo "2159"]
[BlackElo "2399"]
[TimeControl "180+1"]
[EndTime "10:30:05 PDT"]
[Termination "ChelsieMonica won on time"]

1. e4 e5 2. f4 d5 3. exd5 e4 4. d3 Qxd5 5. Nc3 Bb4 6. Bd2 Bxc3 7. Bxc3 Nf6 8. dxe4 Qxe4+ 9. Qe2 Qxe2+ 10. Bxe2 O-O 11.
Bf3 Re8+ 12. Kf2 Ne4+ 13. Bxe4 Rxe4 14. Rd1 Nc6 15. Kf3 Re8 16. Nh3 Bxh3 17. gxh3 Rad8 18. h4 f6 19. h5 Kf7 20. Rhe1 b5 21. a3 a6 22.
Rxe8 Rxe8 23. Rd7+ Re7 24. Rxe7+ Nxe7 25. Ke4 Ke6 26.
Kd4 Nf5+ 27. Kc5 Kd7 28. b3 h6 29. Bd2 Nh4 30. a4 bxa4 31. bxa4 Nf3 32. Be3 Nxh2 33. Kb4 Ng4 34. Bg1 Kc6 35. Ka5 Kb7 36. c4 c6 37. Kb4 Kc8 38. Kc5 Kc7 39. Bd4 Nh2 40.
Bc3 Nf1 41. Ba5+ Kd7 42. Kb6 Ne3 43. c5 Nd5+ 44. Kxa6 Nxf4 45. Kb7 Nd3 46. Bb6 f5 47. a5 Nb4 48. a6 Nxa6 49. Kxa6 Ke6 50. Kb7 Kd5 51.
Kc7 f4 0-1

[Event "*** SCC Grand Prix: Titled Tuesday Blitz"]
[Site "Chess.com"]
[Date "2020.08.25"]
[Round "3"]
[White "Dedic8"]
[Black "lucachess49"]
[Result "1-0"]
[WhiteElo "2747"]
[BlackElo "2481"]
[TimeControl "180+1"]
[EndTime "10:30:08 PDT"]
[Termination "Dedic8 won by resignation"]

1. e4 e5 2. Nf3 Nc6 3. Bb5 a6 4. Ba4 Nf6 5. O-O Be7 6. Re1 b5 7. Bb3 d6 8. c3 O-O 9. h3 Na5 10. Bc2 c5 11. d4 Qc7 12. Nbd2 Nc6 13. d5 Nd8 14. b3 Bd7 15. Nf1 Ne8 16. Ng3 g6 17. Nh2 Ng7 18. Ng4 h5 19. Nh6+ Kh7 20. Qf3 f6 21. Bd2 Nf7 22. Nxf7 Rxf7 23. Qe3 g5 24. Bd1 Kg6 25. h4 Rh8 26. Nf1 f5 27. exf5+ Nxf5 28. Bc2 Kg7 29. Bxf5 Bxf5 30. hxg5 h4 31.
Nh2 Rh5 32. Qe2 Bg6 33. f4 exf4 34. Nf3 h3 35. c4 hxg2 36. Qxg2 bxc4 37. bxc4 Qd7 38.
Re6 Qa4 39. Bc3+ Kg8 40. Qe2 Bf8 41. Rxg6+ 1-0

[Event "*** SCC Grand Prix: Titled Tuesday Blitz"]
[Site "Chess.com"]
[Date "2020.08.25"]
[Round "3"]
[White "MichailovM"]
[Black "bascheyaro"]
[Result "0-1"]
[WhiteElo "2490"]
[BlackElo "2752"]
[TimeControl "180+1"]
[EndTime "10:30:10 PDT"]
[Termination "bascheyaro won by resignation"]

1. e4 e6 2. d4 d5 3. Nc3 Bb4 4.
e5 Ne7 5. a3 Bxc3+ 6. bxc3 b6 7. Qg4 O-O 8. Bd3 Ba6 9. Nf3 Bxd3 10. cxd3 Kh8 11. a4 c5 12. O-O Nbc6 13. Ba3 cxd4 14. cxd4 Qd7 15. Rfc1 h6 16. Qf4 Kg8 17. h4 Rfc8 18. g4 Ng6 19. Qe3 Na5 20. h5 Ne7 21. Bd6 Nb3 22. Rxc8+ Nxc8 23. Rb1 Nxd6 24. exd6 Na5 25.
g5 hxg5 26. Qxg5 Qxd6 27. h6 Qf8 28. Rc1 Kh7 29. Rc7 gxh6 30. Qf6 Qg7+ 31. Qxg7+ Kxg7 32. Ne5 Rf8 33. Rxa7 Nb3 34. Rb7 Nxd4 35. Rxb6 Ra8 36. Rb4 Ne2+ 37. Kf1 Nc3 38. Rb7 Kf6 39. f4 Kg7 40.
Rxf7+ Kg8 41. Rf6 Rxa4 42. Kf2 Nb5 43. Ke3 Nd4 44. Rg6+ Kh7 45. Kd2 Ra2+ 46. Kc3 Ne2+ 47. Kb3 Nxf4 48. Rxh6+ Kxh6 49. Kxa2 Kg5 50. Kb2 Kf5 51.
d4 Ke4 52. Kc3 Ne2+ 53. Kd2 Nxd4 54. Ng4 e5 55. Nf2+ Kf5 56. Ke3 Ne6 57. Nd3 d4+ 58. Ke2 Nf4+ 0-1

[Event "*** SCC Grand Prix: Titled Tuesday Blitz"]
[Site "Chess.com"]
[Date "2020.08.25"]
[Round "3"]
[White "giantslayer83"]
[Black "Slovak_fighter2000"]
[Result "1-0"]
[WhiteElo "2717"]
[BlackElo "2417"]
[TimeControl "180+1"]
[EndTime "10:30:11 PDT"]
[Termination "giantslayer83 won by checkmate"]

1. d4 Nf6 2. Bg5 d5 3. e3 c5 4.
Nd2 Nc6 5. c3 cxd4 6. exd4 e6 7.
Ngf3 Bd6 8. Bd3 Qc7 9. O-O h6 10. Bxf6 gxf6 11. Qe2 Bd7 12. b4 O-O-O 13. b5 Na5 14. c4 dxc4 15. Nxc4 Nxc4 16. Bxc4 Kb8 17. a4 Qa5 18. Bd3 Rhg8 19. Nd2 Qc3 20. Nf3 Qa5 21. Be4 Bc8 22. Rfc1 e5 23. dxe5 fxe5 24. Bd5 Rg7 25. Nxe5 Bc7 26. Bf3 Qb6 27. a5 Qe6 28. Nc4 Qxe2 29.
Bxe2 Bf4 30. Rc3 Be6 31. b6 a6 32. g3 Bg5 33. Rd1 Rgg8 34. Nd6 Be7 35. Nxb7 Rxd1+ 36. Bxd1 Bb4 37. Rc7 Bd5 38. Nc5 Bxa5 39. Nxa6+ Ka8 40. Ra7# 1-0

[Event "*** SCC Grand Prix: Titled Tuesday Blitz"]
[Site "Chess.com"]
[Date "2020.08.25"]
[Round "3"]
[White "BigAl"]
[Black "zmarian"]
[Result "1-0"]
[WhiteElo "2468"]
[BlackElo "2178"]
[TimeControl "180+1"]
[EndTime "10:30:11 PDT"]
[Termination "BigAl won on time"]

1. e4 g6 2. d4 Bg7 3. Nc3 d6 4. Be3 Nf6 5. Qd2 O-O 6. Nf3 c6 7. Bd3 Qc7 8. Bh6 e5 9. h4 Bg4 10. dxe5 dxe5 11. Bxg7 Kxg7 12. h5 Ng8 13. hxg6 fxg6 14.
O-O-O Nd7 15. Bc4 Ndf6 16. Ng5 Rad8 17. Qe3 Rxd1+ 18. Rxd1 Rd8 19. f3 Rxd1+ 20. Nxd1 Bc8 21. Qxa7 h6 22. Ne6+ Bxe6 23. Bxe6 Ne7 24. Qc5 b6 25. Qc3 Nh5 26. Bb3 Nf4 27. Qc4 Kf6 28. Ne3 Kg5 29.
g3 Nh3 30. Qe6 Nf2 31. Ng2 c5 32. f4+ exf4 33. gxf4+ Kh5 34. Qf6 g5 35. Bf7+ Kg4 36. fxg5 Nxe4 37. Ne3+ Kh3 38. Qxh6+ Kg3 39. g6 1-0

[Event "*** SCC Grand Prix: Titled Tuesday Blitz"]
[Site "Chess.com"]
[Date "2020.08.25"]
[Round "3"]
[White "MFBerna"]
[Black "Gareth-Bale11"]
[Result "1-0"]
[WhiteElo "2443"]
[BlackElo "2735"]
[TimeControl "180+1"]
[EndTime "10:30:12 PDT"]
[Termination "MFBerna won by checkmate"]

1. d4 d5 2. Nf3 Nf6 3. Bf4 c5 4.
e3 Nc6 5. Be2 Bg4 6. O-O e6 7.
Nbd2 Be7 8. h3 Bh5 9. c4 O-O 10. dxc5 Bxc5 11. Rc1 Be7 12. a3 dxc4 13. Nxc4 Nd5 14.
Bg3 Bf6 15. Nfe5 Bxe2 16. Qxe2 Nxe5 17. Nxe5 Rc8 18. Rfd1 Qe7 19. Rc2 Rxc2 20. Qxc2 h5 21. e4 Nb6 22. Nf3 Rc8 23. Qd3 Bxb2 24. Bd6 Qd7 25. e5 Qa4 26. Ng5 Qc2 27. Qf3 Qg6 28. h4 Nd5 29. Qb3 Rc2 30. Qxb7 Nb6 31. Bc7 Rc1 32. Rxc1 Bxc1 33. Qb8+ Nc8 34. Qxc8# 1-0

[Event "*** SCC Grand Prix: Titled Tuesday Blitz"]
[Site "Chess.com"]
[Date "2020.08.25"]
[Round "3"]
[White "boasovietica"]
[Black "nocnypako"]
[Result "0-1"]
[WhiteElo "2394"]
[BlackElo "2605"]
[TimeControl "180+1"]
[EndTime "10:30:12 PDT"]
[Termination "nocnypako won by resignation"]

1. e4 e6 2. d4 d5 3. Nd2 c5 4. exd5 Qxd5 5. Ngf3 cxd4 6. Bc4 Qd6 7. O-O Nf6 8. Nb3 a6 9. Nbxd4 Nc6 10. Re1 Nxd4 11.
Nxd4 Qc7 12. Be2 Bd7 13. Bf3 O-O-O 14. Qe2 e5 15. Nb3 e4 16. Bxe4 Re8 17. f3 Bd6 18. g3 Nxe4 19. fxe4 h5 20. Qf2 h4 21. Bf4 hxg3 22. Bxg3 Rh3 23. Kg2 Bxg3 24. hxg3 Reh8 25. Rh1 Rxh1 26. Rxh1 Rxh1 27. Kxh1 Bc6 28. Kg1 Bxe4 29. Qc5 Qxc5+ 30. Nxc5 Bxc2 31. b3 Bb1 32. a3 Kc7 33. Kf2 Kc6 34. b4 Bc2 35. Ke3 a5 36. Kd4 axb4 37. axb4 b6 38. Na6 Kb7 39. b5 Bd1 40.
Nb4 Be2 41. Nc6 f6 42. Nd8+ Kc8 43. Ne6 g5 44. Ng7 Kd8 45. Nf5 Bxb5 46. Kd5 Kd7 47.
Nd6 Bc6+ 0-1

[Event "*** SCC Grand Prix: Titled Tuesday Blitz"]
[Site "Chess.com"]
[Date "2020.08.25"]
[Round "3"]
[White "Panterov"]
[Black "elohunter1999"]
[Result "0-1"]
[WhiteElo "1993"]
[BlackElo "2454"]
[TimeControl "180+1"]
[EndTime "10:30:12 PDT"]
[Termination "elohunter1999 won by resignation"]

1. e4 e5 2. Nf3 Nc6 3. d4 exd4 4. Nxd4 Nf6 5. Nxc6 bxc6 6. Bd3 d5 7. e5 Ng4 8.
O-O Bc5 9. Qe2 Qe7 10. Bf4 g5 11. Bd2 O-O 12. Bc3 d4 13. b4 Bb6 14. Qe4 f5 15. exf6 Qxe4 16. Bxe4 dxc3 17. Bxc6 Rb8 18. Bd5+ Kh8 19. f7 Ba6 20. h3 Bxf1 21. hxg4 Ba6 22. Na3 Bb7 23. Bb3 Kg7 24. Re1 Rxf7 25. Bxf7 Kxf7 26.
Nc4 Bd5 27. Ne5+ Kg7 28. Nd7 Rd8 29. Re7+ Kg6 30. a4 Bd4 31. Kf1 Bb3 32. g3 Bxc2 33. f4 Bd3+ 34. Ke1 c2 35. f5+ Kh6 36. Kd2 Bb2 37. Kxd3 c1=Q 38. Ke4 Qe1+ 0-1

[Event "*** SCC Grand Prix: Titled Tuesday Blitz"]
[Site "Chess.com"]
[Date "2020.08.25"]
[Round "3"]
[White "teacher4chess"]
[Black "RusPakhom"]
[Result "0-1"]
[WhiteElo "2027"]
[BlackElo "2279"]
[TimeControl "180+1"]
[EndTime "10:30:12 PDT"]
[Termination "RusPakhom won on time"]

1. d4 d6 2. Nf3 g6 3. c4 Bg7 4.
Nc3 Nd7 5. e4 e5 6. Be3 Ne7 7.
Bd3 O-O 8. Qd2 f5 9. Bg5 c6 10. dxe5 dxe5 11. c5 Kh8 12. Bc4 f4 13. O-O-O h6 14.
Bh4 g5 15. Nxg5 hxg5 16. Bxg5 Qe8 17. Qd6 Bf6 18. Bh6 Bg7 19. Bxg7+ Kxg7 20. h4 Rf6 21. Qd2 Nxc5 22. h5 Be6 23. Qe2 Rd8 24. b4 Rxd1+ 25. Rxd1 Bxc4 26. Qxc4 Ne6 27. Rd6 Nd4 28. Rxf6 Kxf6 29. Kb2 Qxh5 30. Qc5 Qf7 31. a4 Nc8 32. b5 Qe7 0-1

[Event "*** SCC Grand Prix: Titled Tuesday Blitz"]
[Site "Chess.com"]
[Date "2020.08.25"]
[Round "3"]
[White "Ashedu66"]
[Black "Poghosyan_Suren"]
[Result "0-1"]
[WhiteElo "2189"]
[BlackElo "2430"]
[TimeControl "180+1"]
[EndTime "10:30:13 PDT"]
[Termination "Poghosyan_Suren won on time"]

1. d4 Nf6 2. c4 g6 3. Nc3 Bg7 4. e4 d6 5. Nf3 O-O 6. h3 c5 7. d5 e6 8. Bd3 exd5 9. exd5 a6 10. a4 Nbd7 11. O-O Ne8 12. Re1 Ne5 13. Nxe5 Bxe5 14. Bh6 Ng7 15. Qd2 Re8 16. Bg5 f6 17. Be3 Nf5 18. Bf4 Nd4 19. Bxe5 fxe5 20. Bc2 Bxh3 21. Re3 Qg5 22. Be4 Bxg2 23. Bxg2 Nf3+ 24. Rxf3 Qxd2 25. Ne4 Qxb2 26. Re1 Red8 27. Rf6 Qb4 28. Re3 Qxc4 29. Ng5 Qc1+ 30. Kh2 Rf8 31. Ne4 Rxf6 32. Nxf6+ Kg7 33.
Ne4 Rd8 0-1

[Event "*** SCC Grand Prix: Titled Tuesday Blitz"]
[Site "Chess.com"]
[Date "2020.08.25"]
[Round "3"]
[White "anon102030"]
[Black "SharapovEvgeny"]
[Result "1/2-1/2"]
[WhiteElo "2726"]
[BlackElo "2432"]
[TimeControl "180+1"]
[EndTime "10:30:15 PDT"]
[Termination "Game drawn by agreement"]

1. e4 c5 2. Nc3 Nc6 3. g3 g6 4. Bg2 Bg7 5. d3 e5 6. Be3 d6 7. Qd2 Nge7 8. f4 O-O 9. Nf3 Nd4 10. O-O Rb8 11. fxe5 dxe5 12. Rf2 b5 13. Raf1 b4 14. Nd5 Nxd5 15. exd5 Bb7 16. c4 bxc3 17. bxc3 Nxf3+ 18. Bxf3 Bxd5 19. Bxc5 Re8 20. Bxd5 Qxd5 21. Bxa7 Rb7 22. Be3 Rd8 23. Rd1 f5 24. d4 exd4 25. Bxd4 Bxd4 26. Qxd4 Qxd4 27. Rxd4 Rc8 28. Rc2 Rbc7 29. c4 Ra8 30. Kf2 Ra3 31. c5 Kf7 32. c6 Ke6 33. Re2+ Kf6 34. Rd6+ Kg5 35. Rc2 Ra4 36. Rd7 Rxd7 37. cxd7 Rd4 38. Rc7 Kf6 39. Ke3 Rd5 40. a4 Ke7 41. d8=Q+ Kxd8 42. Rxh7 Ra5 43. Rg7 Ra6 44. Kf4 Rxa4+ 45. Kg5 Rg4+ 46. Kf6 f4 47. gxf4 Rxf4+ 48. Kg5 Rf2 49. h4 Rg2+ 50. Kf6 Rg4 51. Rh7 Ke8 52. Rh8+ Kd7 53. Rh6 Ke8 54. Rh8+ Kd7 55. Kf7 Kd6 56. Rh6 Ke5 57. Rxg6 Rxh4 1/2-1/2

[Event "*** SCC Grand Prix: Titled Tuesday Blitz"]
[Site "Chess.com"]
[Date "2020.08.25"]
[Round "3"]
[White "GMHess"]
[Black "Chernobay_Artem"]
[Result "1-0"]
[WhiteElo "2807"]
[BlackElo "2566"]
[TimeControl "180+1"]
[EndTime "10:30:16 PDT"]
[Termination "GMHess won by checkmate"]

1. d4 g6 2. h4 Nf6 3. Nc3 d5 4. Bg5 Bg7 5. Nf3 h6 6. Bf4 Bf5 7. e3 O-O 8. Ne5 c5 9. g4 cxd4 10. exd4 Be6 11. Bd3 Nc6 12. h5 Nxe5 13. dxe5 Bxg4 14.
f3 Nxh5 15. Bxh6 Be6 16. Qd2 f5 17. exf6 Rxf6 18. O-O-O Qf8 19. Bxg7 Qxg7 20. Rdg1 Nf4 21. Ne2 Nxd3+ 22. Qxd3 Rd8 23. Nd4 Bc8 24. Rg5 e5 25. Rxe5 Rf4 26. Qe3 Rdf8 27. c3 Qf6 28. Rg1 b5 29. a3 a5 30. Ne6 Bxe6 31. Rxe6 Rxf3 32. Rxg6+ Kh7 33. Qh6# 1-0